 Dungeon Crawl Stone Soup version 0.31-a0-986-g5e6e4ef867 (webtiles) character file.

Game seed: 5487527899584743424

92478 Lobster4 the Earth Mage (level 16, -1/79 HPs)
             Began as a Gargoyle Earth Elementalist on Nov 12, 2023.
             Was a High Priest of Vehumet.
             Shot with an arrow by an orc warrior (2 damage)
             ... led by Saint Roka
             ... on level 2 of the Orcish Mines.
             The game lasted 01:25:20 (24788 turns).

Lobster4 the Earth Mage (GrEE)                     Turns: 24788, Time: 01:25:21

Health: -1/79      AC: 22    Str: 13    XL:     16   Next: 6%
Magic:  39/39      EV: 14    Int: 24    God:    Vehumet [*****.]
Gold:   1501       SH: 11    Dex: 16    Spells: 1/35 levels left

rFire   + + +        y - +2 dagger (venom)
rCold   . . .        U - +5 buckler of Hytineib {rElec rF+ Int+4 Slay-6}
rNeg    + + +        L - +1 robe {Will+}
rPois   ∞            F - +0 helmet
rElec   +            h - +1 cloak
rCorr   .            D - +1 pair of gloves
SInv    .            (no boots)
Will    ++...        C - amulet of magic regeneration
Stlth   +++          t - ring of Kexug {rF+++ rN++ Str-3 Dex+6 Stlth+}
HPRegen 0.33/turn    S - ring of magical power
MPRegen 0.66/turn

%: no passive effects
@: flying
A: sickness immunity, AC +12, big wings, negative energy resistance 1,
electricity resistance, torment resistance 1, petrification resistance
a: Renounce Religion


You were on level 2 of the Orcish Mines.
You worshipped Vehumet.
Vehumet was extremely pleased with you.
You visited 3 branches of the dungeon, and saw 22 of its levels.
You also visited: Ossuary and Volcano.

You collected 2077 gold pieces.
You spent 576 gold pieces at shops.

Inventory:

Hand Weapons
 l - a +2 quick blade of flaming
 y - a +2 dagger of venom (weapon)
 B - a +0 eveningstar
Missiles
 a - a curare-tipped dart
 n - 12 poisoned darts (quivered)
 o - 6 atropa-tipped darts
 E - 5 darts of dispersal
Armour
 g - a +1 ring mail of cold resistance
 h - a +1 cloak (worn)
 p - +0 acid dragon scales
 D - a +1 pair of gloves (worn)
 F - a +0 helmet (worn)
 L - a +1 robe of willpower (worn)
 U - the +5 buckler of Hytineib (worn) {rElec rF+ Int+4 Slay-6}
   (You acquired it on level 11 of the Dungeon)

   Int+4:     It affects your intelligence (+4).
   Slay-6:    It affects your accuracy & damage with ranged weapons and melee
   (-6).
   rF+:       It protects you from fire.
   rElec:     It insulates you from electricity.
Jewellery
 q - a ring of protection from cold
 s - a ring of wizardry
 t - the ring of Kexug (left hand) {rF+++ rN++ Str-3 Dex+6 Stlth+}
   (You acquired it on level 5 of the Dungeon)

   [ring of dexterity]

   Str-3:     It affects your strength (-3).
   Dex+6:     It affects your dexterity (+6).
   rF+++:     It renders you almost immune to fire.
   rN++:      It greatly protects you from negative energy.
   Stlth+:    It makes you more stealthy.
 C - an amulet of magic regeneration (around neck)
 K - a +4 ring of protection
 N - a ring of willpower
 S - a ring of magical power (right hand)
 Y - an amulet of reflection
Wands
 v - a wand of quicksilver (12)
 x - a wand of flame (28)
 I - a wand of iceblast (4)
 Q - a wand of charming (7)
 V - a wand of mindburst (9)
Scrolls
 d - 3 scrolls of immolation
 e - 2 scrolls of fog
 i - 6 scrolls of teleportation
 H - a scroll of brand weapon
 P - 3 scrolls of fear
 R - 4 scrolls of amnesia
 W - 6 scrolls of identify
 X - 2 scrolls of blinking
 Z - a scroll of torment
Potions
 b - 2 potions of magic
 c - 4 potions of lignification
 f - 12 potions of ambrosia
 j - 4 potions of brilliance
 k - a potion of enlightenment
 m - 7 potions of might
 r - a potion of cancellation
 u - 3 potions of heal wounds
 w - 11 potions of curing
 z - 5 potions of mutation
 G - 4 potions of invisibility
 J - 4 potions of haste
 O - a potion of resistance


   Skills:
 - Level 1.0 Fighting
 - Level 1.0 Short Blades
 - Level 10.0 Armour
 - Level 5.0 Dodging
 - Level 3.0 Stealth
 - Level 7.0 Shields
 + Level 10.4 Spellcasting
 * Level 16.9 Conjurations
 - Level 1.0 Transmutations
 - Level 5.0 Ice Magic
 * Level 18.8 Earth Magic
 - Level 3.0 Evocations


You had one spell level left.
You knew the following spells:

 Your Spells              Type           Power      Damage    Failure   Level
a - Sandblast             Erth           100%       2d20      0%          1
b - Stone Arrow           Conj/Erth      100%       3d13      0%          3
c - Bombard               Conj/Erth      39%        9d7       1%          6
d - Lehudib's Crystal Sp  Conj/Erth      39%        10d10     7%          8
e - Brom's Barrelling Bo  Conj/Erth      78%        2d9       1%          4
f - Orb of Destruction    Conj           38%        9d11      1%          7
p - Passwall              Tmut/Erth      46%        N/A       1%          2
r - Frozen Ramparts       Ice            72%        1d11      1%          3

Your spell library contained the following spells:

 Spells                   Type           Power      Damage    Failure   Level
 Slow                     Hex            48%        N/A       6%          1
 Momentum Strike          Conj/Tloc      100%       3d10      1%          2
 Animate Armour           Summ/Erth      100%       N/A       1%          4
 Iskenderun's Mystic Bla  Conj/Tloc      52%        2d11      1%          4
 Leda's Liquefaction      Hex/Erth       27%        N/A       1%          4
 Petrify                  Tmut/Erth      56%        N/A       1%          4
 Irradiate                Conj/Tmut      26%        3d20      1%          5
 Ensorcelled Hibernation  Hex/Ice        48%        N/A       3%          2
 Blink                    Tloc           24%        N/A       10%         2
 Lesser Beckoning         Tloc           24%        N/A       10%         2
 Call Canine Familiar     Summ           12%        N/A       19%         3
 Confusing Touch          Hex            12%        N/A       19%         3
 Gell's Gravitas          Tloc           12%        N/A       19%         3
 Sigil of Binding         Hex            12%        N/A       19%         3
 Swiftness                Air            12%        N/A       19%         3
 Teleport Other           Tloc           12%        N/A       19%         3
 Tukima's Dance           Hex            12%        N/A       19%         3
 Vampiric Draining        Necr           12%        2d6       19%         3
 Dimensional Bullseye     Hex/Tloc       6%         N/A       54%         4
 Sublimation of Blood     Necr           Unusable   N/A       N/A         2

Dungeon Overview and Level Annotations

Branches:
Dungeon (15/15)            Temple (0/1) D:4            Lair (5/5) D:11
 Shoals (0/4) Lair:3       Spider (0/4) Lair:3        Slime (0/5) Lair:5
    Orc (2/2) D:12            Elf (0/3) Orc:2        Vaults (0/5) D:14
 Depths (0/4) D:15        Ossuary (visited)         Volcano (visited)

Altars:
Ashenzari
Elyvilon
Hepliaklqana
Kikubaaqudgha
Okawaru
Qazlal
Trog
Uskayaw
Vehumet
Wu Jian
The Shining One
Jiyva

Shops:
D:5 *   D:11 *   D:13 (   D:15 :   Orc:1 =[   Orc:2 =

Annotations:
Orc:2 Saint Roka


Innate Abilities, Weirdness & Mutations

You are immune to sickness and miasma.
Your stone body is resilient. (AC +12)
You are immune to poison.
Your large and strong wings let you fly.
You resist negative energy. (rN+)
You are resistant to electric shocks. (rElec)
You are resistant to unholy torment.
You are immune to petrification.


Message History

Flame seeps out of the orc high priest.
An orc comes into view. It is wielding a +0 club.
The orc high priest is engulfed in blazing flames.
Flame seeps out of the orc high priest.
The orc warlord shoots a bolt.
The bolt misses you.
The orc warrior is engulfed in blazing flames.
Flame seeps out of the orc warrior.
The orc warrior shoots an arrow.
You block the arrow.
The orc warrior shoots an arrow.
You block the arrow.
You are engulfed in blazing flames.
You resist.
* * * LOW HITPOINT WARNING * * *
Saint Roka roars a battlecry!
The orc warlord goes into a battle-frenzy!
The orc closely misses you.
The orc high priest is engulfed in blazing flames.
Flame seeps out of the orc high priest.
The orc high priest mumbles some strange prayers to Beogh against you.
Beogh smites you!
* * * LOW HITPOINT WARNING * * *
The orc knight closely misses you.
The orc warrior is engulfed in blazing flames.
Vehumet accepts your kill.
The orc warrior explodes!
The fiery explosion engulfs the orc high priest!!!
Vehumet accepts your kill.
You feel your power returning.
Magic restored.
The fiery explosion engulfs the orc high priest!!
Vehumet accepts your kill.
The orc high priest explodes!
The fiery explosion engulfs the orc warlord!!!
Flame seeps out of the orc warlord.
The orc warlord is severely wounded.
The orc high priest explodes!
The fiery explosion engulfs the orc warrior!!
You kill the orc warrior!
Vehumet accepts your kill.
The fiery explosion engulfs the orc warlord!!
Vehumet accepts your kill.
The orc warlord explodes!
The orc warrior shoots an arrow.
The arrow hits you.
You die...

#.((# ## .# #.#oo. #.##
..# #..[o.o ...# ...#
##..[oo# #...# #
....####....[○####....#.#
.....#.$....§§○#.........
............§§§§§o.......
#.........#.§§§§§o§......
#.....o...##.§§§@§###.o..
##.......####.o.§§§# .
##.....o.###.......#
#...8o....#........##
.............###....#
..8.∩T8...o..###.........#
....<##....o..###......###
...#8#.##...### ##..#..#
....... #...# #######


You could see Saint Roka (inner flame, strong), an orc knight (inner flame,
strong), 2 orc warriors, an orc priest (strong), an orc wizard (strong) and 3
orcs.

Vanquished Creatures
  Kirke (D:13)
  An orc warlord (Orc:2)
  A very ugly thing (D:15)
  Josephine (D:14)
  A rakshasa (D:14)
  2 hydras
  4 vault guards (D:14)
  5 catoblepae
  4 centaur warriors
  6 two-headed ogres
  4 death yaks (Lair:5)
  2 orc high priests (Orc:2)
  7 tengu warriors
  3 deep elf knights
  3 skysharks
  3 harpies (Lair:3)
  Pikel (D:8)
  A deep elf archer (D:15)
  A lindwurm (Lair:5)
  An arcanist (D:14)
  2 deep elf pyromancers
  5 orc knights
  2 deep elf zephyrmancers (D:15)
  3 ugly things
  3 orc sorcerers
  6 cyclopes
  8 elephants
  7 manticores
  5 black mambas
  A water nymph (D:15)
  A molten gargoyle (Volcano)
  6 gargoyles
  A torpor snail (Lair:5)
  12 cane toads
  An unseen horror (D:12)
  6 rime drakes
  An efreet (D:15)
  12 komodo dragons
  3 tengu conjurers
  9 trolls
  A yaktaur (D:14)
  4 polar bears
  3 meliai (Lair:4)
  A queen bee (Lair:4)
  12 blink frogs
  17 slime creatures
  A vampire (D:11)
  Sigmund (D:7)
  7 wraiths
  5 wyverns
  3 shadows (D:11)
  2 steam dragons
  Grum (D:9)
  71 yaks
  6 fire bats
  2 fire elementals (Volcano)
  3 hogs (D:12)
  A hog (shapeshifter) (D:13)
  6 vampire mosquitoes
  A warg (Orc:1)
  Edmund (D:7)
  7 acid dragons
  17 water moccasins
  17 orc warriors
  A meliai simulacrum (D:14)
  An ice beast (D:5)
  5 ogres
  A black bear (Lair:1)
  14 centaurs
  12 wolves
  A boggart (D:11)
  2 kobold brigands
  16 bullfrogs
  2 gnoll sergeants
  2 scorpions
  18 wights
  A hornet simulacrum (D:15)
  26 killer bees
  An electric eel (Lair:1)
  A jelly (D:5)
  12 orc priests
  A gnoll bouda (D:9)
  20 hounds
  A sleepcap (D:5)
  4 iguanas
  12 orc wizards
  8 mummies (Ossuary)
  21 gnolls
  3 adders
  2 shadow imps
  A white imp (D:6)
  6 ufetubi
  A worm (D:3)
  2 dart slugs
  50 orcs
  7 endoplasms
  A giant cockroach (D:1)
  11 goblins
  11 hobgoblins
  A jackal (D:9)
  8 kobolds
  A quokka (D:2)
  3 training dummies (D:13)
  5 ball pythons
  3 bats
  3 frilled lizards
  2 hobgoblin zombies (Ossuary)
  6 kobold zombies (Ossuary)
  9 rats
655 creatures vanquished.

Vanquished Creatures (collateral kills)
  A yak (Lair:5)
  A bullfrog (Lair:2)
  A scorpion (Lair:2)
  A boulder (Orc:2)
4 creatures vanquished.

Vanquished Creatures (others)
  A yak (Lair:5)
  An orc (Orc:2)
  A boulder (Orc:2)
3 creatures vanquished.

Grand Total: 662 creatures vanquished

Notes
Turn   | Place    | Note
-------+----------+-------------------------------------------
     0 | D:1      | Lobster4 the Gargoyle Earth Elementalist began the quest
                  | for the Orb.
     0 | D:1      | Reached XP level 1. HP: 10/10 MP: 3/3
   182 | D:1      | Reached XP level 2. HP: 15/15 MP: 0/5
   185 | D:1      | Learned a level 2 spell: Passwall
   700 | D:1      | Reached skill level 1 in Transmutations
   773 | D:1      | Reached skill level 4 in Earth Magic
  1307 | D:2      | Reached XP level 3. HP: 19/19 MP: 3/6
  1311 | D:2      | Learned a level 3 spell: Stone Arrow
  1490 | D:2      | Reached skill level 1 in Armour
  2091 | D:3      | Reached XP level 4. HP: 24/24 MP: 7/7
  2195 | D:3      | Reached skill level 1 in Conjurations
  2406 | D:3      | Found a radiant altar of Vehumet.
  2418 | D:3      | Became a worshipper of Vehumet
  2540 | D:3      | Found a broken altar of Ashenzari.
  2774 | D:3      | Found an ornate altar of the Wu Jian Council.
  2913 | D:4      | Found a staircase to the Ecumenical Temple.
  3031 | D:4      | Noticed an ogre
  3060 | D:4      | Killed an ogre
  3061 | D:4      | Reached XP level 5. HP: 28/28 MP: 8/8
  3589 | D:4      | Noticed a water moccasin
  3595 | D:4      | Killed a water moccasin
  3596 | D:4      | Reached skill level 1 in Short Blades
  3596 | D:4      | Reached skill level 5 in Earth Magic
  3596 | D:4      | Reached XP level 6. HP: 32/32 MP: 8/10
  3689 | D:5      | Entered Level 5 of the Dungeon
  3709 | D:5      | Identified a scroll of acquirement
  3709 | D:5      | Acquired the ring of Kexug {rF+++ rN++ Str-3 Dex+6 Stlth+}
  3741 | D:5      | Found Tuuthreaz's Tempting Trifles.
  3879 | D:4      | Reached * piety under Vehumet
  3879 | D:4      | Offered knowledge of Kiss of Death by Vehumet.
  3880 | D:4      | Reached XP level 7. HP: 35/37 MP: 9/11
  3890 | D:5      | Reached skill level 1 in Fighting
  3923 | D:5      | Reached skill level 1 in Evocations
  3959 | D:5      | Found a bloodstained altar of Trog.
  4011 | D:5      | Reached skill level 6 in Earth Magic
  4489 | D:6      | Reached XP level 8. HP: 14/43 MP: 6/13
  4629 | D:6      | Learned a level 4 spell: Brom's Barrelling Boulder
  4631 | D:6      | Reached skill level 7 in Earth Magic
  4795 | D:6      | Reached skill level 5 in Conjurations
  4808 | D:6      | Reached ** piety under Vehumet
  4808 | D:6      | Offered knowledge of Momentum Strike by Vehumet.
  4981 | D:6      | Reached skill level 8 in Earth Magic
  5009 | D:6      | Found a hazy altar of Hepliaklqana.
  5117 | D:6      | Reached XP level 9. HP: 36/47 MP: 8/15
  5535 | D:7      | Noticed Sigmund
  5536 | D:7      | Killed Sigmund
  5536 | D:7      | Noticed Edmund
  5544 | D:7      | Killed Edmund
  5545 | D:7      | Reached skill level 1 in Shields
  5636 | D:7      | Found a hide-covered altar of Uskayaw.
  5844 | D:7      | Found an ancient bone altar of Kikubaaqudgha.
  5968 | D:8      | Reached skill level 9 in Earth Magic
  5984 | D:8      | Found a sand-covered staircase.
  5990 | Ossuary  | Entered an ossuary
  6042 | Ossuary  | Offered knowledge of Frozen Ramparts by Vehumet.
  6057 | Ossuary  | Learned a level 3 spell: Frozen Ramparts
  6092 | Ossuary  | Reached *** piety under Vehumet
  6374 | D:8      | Noticed Pikel
  6383 | D:8      | Killed Pikel
  6384 | D:8      | Reached skill level 1 in Ice Magic
  6555 | D:8      | Identified the +2 spear of the Puffball {drain, *Corrode
                  | Dex+3}
  6583 | D:8      | Reached skill level 5 in Spellcasting
  7191 | D:9      | Reached XP level 10. HP: 52/52 MP: 15/17
  7252 | D:9      | Offered knowledge of Olgreb's Toxic Radiance by Vehumet.
  7307 | D:9      | Reached skill level 10 in Earth Magic
  7456 | D:9      | Noticed Grum
  7459 | D:9      | Killed Grum
  7527 | D:9      | Found a white marble altar of Elyvilon.
  7887 | D:10     | Entered Level 10 of the Dungeon
  7901 | D:10     | Reached **** piety under Vehumet
  7994 | D:10     | Reached skill level 5 in Armour
  7998 | D:10     | Offered knowledge of Hailstorm by Vehumet.
  8299 | D:10     | Found a stormy altar of Qazlal.
  8352 | D:10     | Reached skill level 11 in Earth Magic
  8358 | D:10     | Reached XP level 11. HP: 47/56 MP: 13/19
  8609 | D:10     | Noticed a two-headed ogre
  8614 | D:10     | Killed a two-headed ogre
  8908 | Gauntlet | Identified the "Jalet"
  9007 | D:11     | Noticed a two-headed ogre
  9026 | D:11     | Found a staircase to the Lair.
  9068 | D:11     | Reached skill level 5 in Shields
  9072 | D:11     | Noticed a manticore
  9076 | D:11     | Killed a manticore
  9178 | D:11     | Found Zatau's General Store.
  9258 | D:11     | Reached skill level 10 in Conjurations
  9277 | D:11     | Identified the +9 orcbow "Luwol" {drain, rC+ rCorr MP+9
                  | Dex-5}
  9388 | D:11     | Noticed a two-headed ogre
  9392 | D:11     | Noticed a two-headed ogre
  9397 | D:11     | Reached ***** piety under Vehumet
  9412 | D:11     | Killed a two-headed ogre
  9422 | D:11     | Noticed a cyclops
  9425 | D:11     | Killed a cyclops
  9426 | D:11     | Reached skill level 12 in Earth Magic
  9537 | D:11     | Killed a two-headed ogre
  9537 | D:11     | Offered knowledge of Airstrike by Vehumet.
  9553 | D:11     | Noticed an orc knight
  9583 | D:11     | Killed an orc knight
  9759 | D:11     | Killed a two-headed ogre
  9862 | D:11     | Noticed a two-headed ogre
  9871 | D:11     | Killed a two-headed ogre
  9913 | D:11     | Reached XP level 12. HP: 60/60 MP: 21/21
  9922 | D:11     | Identified the "Feskaewo" (You acquired it on level 11 of
                  | the Dungeon)
  9922 | D:11     | Acquired the +5 buckler of Hytineib {rElec rF+ Int+4
                  | Slay-6}
  9947 | D:11     | Identified the +2 leather armour "Popail" {Will+ SInv}
 10315 | D:11     | Noticed a four-headed hydra
 10320 | D:11     | Killed a four-headed hydra
 10321 | D:11     | Reached skill level 5 in Ice Magic
 10399 | Lair:1   | Entered Level 1 of the Lair of Beasts
 10635 | Lair:1   | Reached skill level 13 in Earth Magic
 10839 | Lair:1   | Identified the +3 leather armour of Itil {rN+ Str+2 Dex+3}
 11435 | Lair:2   | Identified the scarf "Juleirr" {harm, Dex+2}
 11530 | Lair:2   | Noticed a skyshark
 11564 | Lair:2   | Killed a skyshark
 12195 | Lair:3   | Reached skill level 14 in Earth Magic
 12195 | Lair:3   | Reached XP level 13. HP: 64/64 MP: 9/24
 12264 | Lair:3   | Found a dark tunnel.
 12274 | Volcano  | Entered a volcano
 12906 | Lair:3   | Found a hole to the Spider Nest.
 13157 | Lair:3   | Found a staircase to the Shoals.
 13847 | Lair:4   | Reached skill level 15 in Earth Magic
 14136 | Lair:4   | Offered knowledge of Ozocubu's Refrigeration by Vehumet.
 15043 | Lair:5   | Entered Level 5 of the Lair of Beasts
 15052 | Lair:4   | Gained mutation: Your large and strong wings let you fly.
                  | [Gargoyle growth]
 15052 | Lair:4   | Reached XP level 14. HP: 70/70 MP: 26/26
 15644 | Lair:5   | Reached skill level 16 in Earth Magic
 16171 | Lair:5   | Found a staircase to the Slime Pits.
 16171 | Lair:5   | Found a viscous altar of Jiyva.
 16467 | Lair:5   | Reached skill level 10 in Armour
 17103 | Lair:5   | Reached skill level 15 in Conjurations
 17952 | D:12     | Offered knowledge of Orb of Destruction by Vehumet.
 17961 | D:12     | Learned a level 7 spell: Orb of Destruction
 17971 | D:12     | Reached skill level 17 in Earth Magic
 18782 | D:12     | Found a staircase to the Orcish Mines.
 19247 | Orc:1    | Entered Level 1 of the Orcish Mines
 19318 | Orc:1    | Found Fenaf's Armour Shoppe.
 19521 | Orc:1    | Reached XP level 15. HP: 74/74 MP: 28/28
 19880 | Orc:2    | Entered Level 2 of the Orcish Mines
 19903 | Orc:2    | Found Tecs's Jewellery Shop.
 19910 | Orc:2    | Found a staircase to the Elven Halls.
 19923 | Orc:2    | Noticed Saint Roka
 20007 | Orc:2    | Offered knowledge of Lee's Rapid Deconstruction by Vehumet.
 20231 | D:13     | Noticed Kirke
 20343 | D:13     | Found Urruremi's Firing Range.
 20804 | D:13     | Killed Kirke
 21088 | D:14     | Noticed Josephine
 21100 | D:14     | Killed Josephine
 21676 | D:14     | Found an iron altar of Okawaru.
 22015 | D:14     | Reached skill level 18 in Earth Magic
 22189 | D:14     | Found a gate to the Vaults.
 22207 | D:14     | Reached skill level 10 in Spellcasting
 22385 | D:15     | Entered Level 15 of the Dungeon
 22830 | D:15     | Found a glowing golden altar of the Shining One.
 23149 | D:15     | Offered knowledge of Bombard by Vehumet.
 23150 | D:15     | Reached skill level 5 in Dodging
 23157 | D:15     | Learned a level 6 spell: Bombard
 23544 | D:15     | Reached XP level 16. HP: 79/79 MP: 24/30
 23588 | D:15     | Found a staircase to the Depths.
 23898 | D:15     | Found Xedooriom's Book Emporium.
 23901 | D:15     | Bought a book of Armaments for 576 gold pieces
 23910 | D:15     | Learned a level 8 spell: Lehudib's Crystal Spear
 24788 | Orc:2    | HP: 1/79 [orc high priest/divine providence (15)]
 24788 | Orc:2    | Shot with an arrow by an orc warrior

Illustrated notes

Levels and vault maps discovered:
D:1:      dpeg_arrival_renting, layout_loops_corners
D:2:      layout_rooms, grunt_decor_mini_mirrors
D:3:      layout_basic, general_overflow_altar, marbit_many_paths,
          vehumet_altar_wand_db, small_statue_intersection
D:4:      layout_loops_cross, minmay_temple_entry_water_ring
D:5:      layout_cave_pools, mainiacjoe_overflow_catwalk,
          nicolae_alphabet_shops, hex_large
D:6:      layout_rooms, mainiacjoe_overflow_brackets
D:7:      layout_loops_cross, mainiacjoe_overflow_six_doors_small,
          mainiacjoe_overflow_tiny_flanked, sigmund_edmund_badplayer
D:8:      layout_loops_cross, nicolae_ossuary_entry_monument, uniq_pikel
D:9:      layout_cave_pools, mainiacjoe_overflow_chevrons, serial_gnoll_camp,
          gnoll_camp_mini_hut, gnoll_camp_mini_hut, gnoll_camp_mini_doghouse,
          grums_kennel, gnoll_camp_mini_doghouse
D:10:     layout_irregular_city, kennysheep_mini
D:11:     minmay_the_grid_triangle_9x9_recursive_2
          [minmay_the_grid_triangle_9x9_prize_top_heavy,
          minmay_the_grid_triangle_9x9_negative_grid,
          minmay_the_grid_triangle_9x9_flanged_cone,
          minmay_the_grid_triangle_9x9_thin_v], layout_loops_corners,
          gauntlet_entry_generic, serial_shops, shop
D:12:     layout_basic, david_orc_4
D:13:     layout_roguey, minmay_misc_feat_tower, nicolae_shop_firing_range,
          uniq_kirke
D:14:     layout_roguey, grunt_vaults_entry_fortified,
          okawaru_ov_weapons_minmay, uniq_josephine
D:15:     hangedman_depths_entry_try_elsewhere_first, layout_basic,
          serial_shops, nicolae_shop_real_fake_doors, tso_altar
Lair:1:   layout_cave_shapes, serial_bayou_lake_a
Lair:2:   layout_regular_city, st_stairs_9, grunt_megastairs_2
Lair:3:   layout_cave_pods, nicolae_shoals_entry_roost,
          spider_nest_entry_web_field, nicolae_volcano_entry_batcave
Lair:4:   layout_loops_ring, special_room [special_room_bee], grunt_megastairs_3
Lair:5:   evilmike_catoblepas_cave, layout_concentric_octagons, slime_entry_1,
          minmay_lair_drake_nest
Orc:1:    layout_caves, serial_shops, nicolae_shop_window_shopping,
          nicolae_orc_lava_tube
Orc:2:    st_orc_congregation, layout_diamond_mine, serial_shops,
          nicolae_shop_statue_plus, nicolae_alphabet_shops, minmay_orc_temple_b,
          uniq_saint_roka, uniq_azrael, uniq_snorg

Skill      XL: |  1  2  3  4  5  6  7  8  9 10 11 12 13 14 15 |
---------------+----------------------------------------------+-----
Transmutations | 1 |  1.0
Earth Magic    | 4 5 6 8 9 11 12 14 15 17 18 | 18.8
Armour         | 1 2 3 4 5 6 8 9 10 | 10.0
Conjurations   | 2 3 4 6 7 9 10 12 13 15 16 | 16.9
Dodging        | 2 3 5 |  5.0
Short Blades   | 1 |  1.0
Stealth        | 3 |  3.0
Fighting       | 1 |  1.0
Spellcasting   | 3 4 5 6 7 8 9 10 | 10.4
Evocations     | 1 2 3 |  3.0
Shields        | 2 4 6 7 |  7.0
Ice Magic      | 1 3 4 5 |  5.0

Action                     |  1- 3 |  4- 6 |  7- 9 | 10-12 | 13-15 | 16-18 || total
---------------------------+-------+-------+-------+-------+-------+-------++-------
  Melee: Mace              |     5 |       |       |       |       |       ||     5
         Short sword       |     5 |    14 |       |       |       |       ||    19
         Dagger            |       |       |       |     4 |       |       ||     4
  Throw: Dart              |       |     4 |     9 |    49 |   101 |       ||   163
   Cast: Sandblast         |    59 |    45 |    69 |    70 |   189 |       ||   432
         Stone Arrow       |       |       |    94 |   269 |   587 |     3 ||   953
         Frozen Ramparts   |       |       |       |       |     5 |       ||     5
         Orb of Destructio |       |       |       |       |    57 |       ||    57
         Passwall          |       |       |       |       |     2 |       ||     2
         Bombard           |       |       |       |       |     7 |    12 ||    19
         Brom's Barrelling |       |       |       |       |     1 |     2 ||     3
  Evoke: Wand              |       |     8 |       |     4 |     5 |     6 ||    23
    Use: Scroll            |     5 |     9 |     6 |    11 |    11 |     2 ||    44
         Potion            |       |       |       |       |     1 |       ||     1
   Stab: Sleeping          |     2 |     2 |       |       |       |       ||     4
 Armour: Robe              |    12 |    22 |    11 |    88 |   300 |    22 ||   455
         Leather armour    |       |       |    28 |       |       |       ||    28
  Dodge: Dodged            |    12 |    48 |    23 |    61 |   201 |    20 ||   365
  Block: Buckler           |       |       |       |    44 |   201 |     8 ||   253

Table legend: (Time is in decaauts)
 A = Elapsed time spent in this place.
 B = Non-inter-level travel time spent in this place.
 C = Inter-level travel time spent in this place.
 D = Time resting spent in this place.
 E = Time spent auto-exploring this place.
 F = Levels seen in this place.
 G = Mean time per level.
                   A        B        C        D        E       F      G
               +--------+--------+--------+--------+--------+-----+--------+
         Total |  25067 |  23763 |   1304 |   4320 |  13582 |  24 | 1044.5 |
       Dungeon |  15982 |  15165 |    817 |   2448 |   9018 |  15 | 1065.5 |
          Lair |   7093 |   6686 |    407 |   1267 |   3908 |   5 | 1418.6 |
  Orcish Mines |   1445 |   1365 |     80 |    605 |    515 |   2 |  722.5 |
       Ossuary |    291 |    291 |      0 |      0 |     74 |   1 |  291.0 |
       Volcano |    254 |    254 |      0 |      0 |     66 |   1 |  254.0 |
               +--------+--------+--------+--------+--------+-----+--------+

Top non-repeatable levels by time:
  Lair:5: 2311 daAuts
    D:11: 1868 daAuts
    D:12: 1676 daAuts
    D:14: 1537 daAuts
    D:15: 1508 daAuts
  Lair:4: 1430 daAuts
   Orc:1: 1351 daAuts
     D:1: 1300 daAuts
  Lair:3: 1290 daAuts
  Lair:2: 1107 daAuts
    D:10: 1040 daAuts
  Lair:1: 953 daAuts
     D:5: 937 daAuts
     D:8: 928 daAuts
     D:3: 880 daAuts
